 Dungeon Crawl Stone Soup version 0.22-a0-480-g991dd4b (webtiles) character file.

1589 Gildeon the Basher (level 8, -7/46 HPs)
             Began as a Gargoyle Fighter on June 14, 2018.
             Was an Initiate of Nemelex Xobeh.
             Mangled by an ogre
             ... wielding a +0 giant spiked club
              (13 damage)
             ... on level 7 of the Dungeon on June 15, 2018.
             The game lasted 00:24:11 (4928 turns).

Gildeon the Basher (Gargoyle Fighter)               Turns: 4928, Time: 00:24:12

Health: -7/46      AC: 21    Str: 21    XL:     8   Next: 92%
Magic:  8/8        EV:  7    Int:  9    God:    Nemelex Xobeh [......]
Gold:   322        SH:  6    Dex: 10    Spells: 6/7 levels left

rFire    . . .     SeeInvis .   a - +4 flail
rCold    + . .     Gourm    .   p - +2 buckler
rNeg     + . .     Faith    .   t - +0 chain mail {rC+}
rPois    ∞         Spirit   .   (no helmet)
rElec    +         Reflect  .   (no cloak)
rCorr    .         Harm     .   n - +2 pair of gloves
MR       +....                  j - +2 pair of boots
Stlth    ..........             (no amulet)
HPRegen  0.15/turn              k - ring of protection from magic
MPRegen  0.11/turn              e - ring of stealth

@: no status effects
A: negative energy resistance 1, electricity resistance, unbreathing,
petrification resistance, rot immunity, AC +5
a: Renounce Religion


You were on level 7 of the Dungeon.
You worshipped Nemelex Xobeh.
Nemelex Xobeh was noncommittal.
You were not hungry.

You visited 2 branches of the dungeon, and saw 8 of its levels.

You collected 322 gold pieces.

Inventory:

Hand Weapons
 a - a +4 flail (weapon)
Armour
 c - a +0 shield
 j - a +2 pair of boots (worn)
 n - a +2 pair of gloves (worn)
 p - a +2 buckler (worn)
 t - a +0 chain mail of cold resistance (worn)
Jewellery
 e - a ring of stealth (right hand)
 k - a ring of protection from magic (left hand)
Wands
 g - a wand of acid (8)
Scrolls
 m - 4 scrolls of remove curse
Potions
 d - a potion of magic
 h - 2 potions of might
 i - 2 potions of flight {unknown}
 l - 2 potions of berserk rage {unknown}
 o - a potion of curing {unknown}
 r - 3 potions of mutation {unknown}
Miscellaneous
 q - an ornate deck of summoning {drawn: 2}
Comestibles
 f - 8 rations


   Skills:
 - Level 3.2 Fighting
 + Level 11.0 Maces & Flails
 - Level 3.2 Armour
 - Level 3.2 Shields


You had 6 spell levels left.
You knew the following spells:

 Your Spells              Type           Power        Failure   Level  Hunger
a - Flame Tongue          Conj/Fire      #....        99%         1    ##.....

Your spell library contained the following spells:

 Spells                   Type           Power        Failure   Level  Hunger
 Fireball                 Conj/Fire      #.........   100%        5    ######.
 Conjure Flame            Conj/Fire      #.......     100%        3    ####...
 Throw Flame              Conj/Fire      #.....       99%         2    ###....
 Sticky Flame             Conj/Fire      #.......     100%        4    #####..
 Inner Flame              Hex/Fire       #.......     100%        3    ####...


Dungeon Overview and Level Annotations

Branches:
Dungeon (7/15)             Temple (1/1) D:5

Altars:
Ashenzari
Cheibriados
Dithmenos
Elyvilon
Fedhas
Gozag
Hepliaklqana
Kikubaaqudgha
Makhleb
Nemelex Xobeh
Okawaru
Qazlal
Ru
Sif Muna
Trog
Uskayaw
Vehumet
Wu Jian
Xom
Yredelemnul
Zin
The Shining One

Shops:
D:4 =   D:5 !


Innate Abilities, Weirdness & Mutations

You are resistant to torment.
Your stone body is resilient. (AC +5)
You are immune to poison.
You resist negative energy. (rN+)
You are resistant to electric shocks. (rElec)
You can survive without breathing.
You are immune to petrification.
You are immune to rotting.


Message History

An ogre comes into view. It is wielding a giant spiked club.
The ogre shouts!
The ogre hits you with a giant spiked club!!
You sock the ogre!
The ogre is moderately wounded.
You hit the ogre.
The ogre is heavily wounded.
The ogre hits you with a giant spiked club!!
* * * LOW HITPOINT WARNING * * *
You sock the ogre!
The ogre is severely wounded.
You block the ogre's attack.
You hit the ogre.
The ogre is almost dead.
Okay, then.
Your chain mail prevents you from hitting the ogre.
The ogre is almost dead.
The ogre hits you with a giant spiked club!
You die...
Your body disappears without a glow.

#####.#######.#.########
#####.##.......##
...............#
#####<##.####.## #.# #
#.# #.# #.# #.# #.# #.#
#.######..# #.#
#...@O....# #.#
#########.# #.#


You could see an ogre.

Vanquished Creatures
  Duvessa (D:4)
  An ogre (D:5)
  Dowan (D:4)
  A scorpion (D:4)
  3 crimson imps
  4 hounds
  5 orc priests
  A bullfrog skeleton (D:2)
  7 orc wizards
  5 worker ants
  An iguana (D:4)
  A hound zombie (D:5)
  A hound skeleton (D:6)
  A howler monkey zombie (D:5)
  A howler monkey skeleton (D:5)
  A gnoll (D:1)
  6 adders
  An ooze (D:1)
  An adder skeleton (D:4)
  5 worms
  4 dart slugs
  3 leopard geckos
  14 orcs
  2 giant cockroaches (D:4)
  7 goblins
  13 hobgoblins
  2 quokkas
  A ball python (D:5)
  3 bats
  6 frilled lizards
  A jackal skeleton (D:5)
  7 kobolds (D:1)
  7 rats
118 creatures vanquished.

Vanquished Creatures (collateral kills)
  Pikel (D:6)
  An orc warrior (D:6)
  An orc priest (D:6)
  3 orc wizards (D:6)
  A worker ant (D:6)
  5 orcs (D:6)
12 creatures vanquished.

Vanquished Creatures (others)
  A slave (D:6)
  An orc (D:6)
2 creatures vanquished.

Grand Total: 132 creatures vanquished

Notes
Turn   | Place    | Note
-------+----------+-------------------------------------------
     0 | D:1      | Gildeon the Gargoyle Fighter began the quest for the Orb.
     0 | D:1      | Reached XP level 1. HP: 14/14 MP: 1/1
   117 | D:1      | Reached XP level 2. HP: 17/19 MP: 2/2
   180 | D:1      | Reached skill level 3 in Maces & Flails
   231 | D:1      | Reached XP level 3. HP: 19/23 MP: 3/3
   663 | D:2      | Reached skill level 4 in Maces & Flails
   663 | D:2      | Reached XP level 4. HP: 25/28 MP: 4/4
  1274 | D:3      | Reached skill level 5 in Maces & Flails
  1274 | D:3      | Reached XP level 5. HP: 32/32 MP: 5/5
  2286 | D:4      | Reached skill level 6 in Maces & Flails
  2286 | D:4      | Reached XP level 6. HP: 17/37 MP: 6/6
  2514 | D:4      | Noticed Duvessa
  2521 | D:4      | Noticed Dowan
  2533 | D:4      | Killed Duvessa
  2533 | D:4      | Reached skill level 7 in Maces & Flails
  2535 | D:4      | Killed Dowan
  2535 | D:4      | Reached XP level 7. HP: 32/41 MP: 7/7
  2896 | D:4      | Reached skill level 8 in Maces & Flails
  2921 | D:4      | Found Penilar's Jewellery Boutique.
  2962 | D:4      | Found a white marble altar of Elyvilon.
  3070 | D:5      | Entered Level 5 of the Dungeon
  3092 | D:5      | Found Lostroapn's Distillery.
  3455 | D:5      | Reached skill level 9 in Maces & Flails
  3455 | D:5      | Reached XP level 8. HP: 46/46 MP: 8/8
  3572 | D:5      | Upgraded the game from 0.22-a0-479-gc6e99f3 to 0.22-a0-480-g991dd4b
  3905 | D:5      | Found a staircase to the Ecumenical Temple.
  3916 | Temple   | Entered the Ecumenical Temple
  4032 | Temple   | Became a worshipper of Nemelex Xobeh the Trickster
  4261 | D:6      | Received a gift from Nemelex Xobeh
  4323 | D:6      | Learned a level 1 spell: Flame Tongue
  4506 | D:6      | Noticed Pikel
  4516 | D:6      | Killed Pikel
  4516 | D:6      | Reached skill level 10 in Maces & Flails
  4900 | D:7      | Reached skill level 11 in Maces & Flails
  4928 | D:7      | Mangled by an ogre

Vault maps used:
D:1:      dpeg_arrival_water_altar
D:2:      roderic_roman_lattice
D:3:      st_stairs_10, kennysheep_boxes
D:4:      lemuel_crystal_altar, first_ration, serial_shops,
          kennysheep_mini_moat, uniq_duvessa
D:5:      kennysheep_spiral_hall, minmay_temple_entry_fiery, serial_shops, shop
D:6:      uniq_pikel
Temple:   kilobyte_greek_temple

Skill      XL: |  1  2  3  4  5  6  7  8 |
---------------+-------------------------+-----
Maces & Flails | 3 4 5 6 7 9 11 | 11.0
Fighting       | |  3.2
Armour         | |  3.2
Shields        | |  3.2

Action                   |  1- 3 |  4- 6 |  7- 9 || total
-------------------------+-------+-------+-------++-------
Melee: Flail             |    87 |   265 |   171 ||   523
Evoke: Deck              |       |       |     2 ||     2
  Use: Scroll            |     3 |     9 |     3 ||    15
       Potion            |       |     3 |       ||     3
  Eat: Chunk             |       |     6 |     4 ||    10
       Ration            |       |       |     1 ||     1
Armor: Scale mail        |    45 |   125 |    38 ||   208
       Chain mail        |       |       |    34 ||    34
Dodge: Dodged            |    25 |    66 |    45 ||   136
Block: Shield            |    37 |   110 |       ||   147
       Buckler           |       |     6 |    49 ||    55

Table legend:
 A = Spawn XP
 B = Non-spawn XP
 C = Spawn XP percentage of total XP
 D = Spawn monster count
 E = Non-spawn monster count
 F = Spawn count percentage of total count
 G = Total turns spent on level
                    A         B        C        D         E        F      G
               +---------+---------+-------+---------+---------+-------+---------
         Total |       0 |    2270 |   0.0 |       0 |     130 |   0.0 |  4928
               +---------+---------+-------+---------+---------+-------+---------
           D:1 |       0 |      47 |   0.0 |       0 |      19 |   0.0 |   582
           D:2 |       0 |      98 |   0.0 |       0 |      20 |   0.0 |   857
           D:3 |       0 |     139 |   0.0 |       0 |      20 |   0.0 |   729
           D:4 |       0 |     575 |   0.0 |       0 |      23 |   0.0 |   902
           D:5 |       0 |     541 |   0.0 |       0 |      23 |   0.0 |   906
           D:6 |       0 |     822 |   0.0 |       0 |      24 |   0.0 |   677
           D:7 |       0 |      48 |   0.0 |       0 |       1 |   0.0 |    46
               +---------+---------+-------+---------+---------+-------+---------
